 Dungeon Crawl Stone Soup version 0.22-a0-379-ga9d99d6 (webtiles) character file.

380 Cydver the Slasher (level 7, -9/54 HPs)
             Began as a Human Berserker on Apr 27, 2018.
             Was a Believer of Trog.
             Mangled by an orc warrior
             ... wielding a +0 halberd
              (18 damage)
             ... on level 4 of the Dungeon.
             The game lasted 00:36:31 (5100 turns).

Cydver the Slasher (Human Berserker)                Turns: 5100, Time: 00:36:31

Health: -9/54      AC:  9    Str: 19    XL:     7   Next: 4%
Magic:  7/7        EV:  9    Int:  7    God:    Trog [**....]
Gold:   163        SH:  0    Dex: 13    Spells: 6/6 levels left

rFire    . . .     SeeInvis .   a - +2 falchion
rCold    . . .     Gourm    .   (no shield)
rNeg     . . .     Faith    .   h - +0 chain mail
rPois    .         Spirit   .   (no helmet)
rElec    .         Reflect  .   (no cloak)
rCorr    .         Harm     .   (no gloves)
MR       .....                  (no boots)
Stlth    ..........             (no amulet)
HPRegen  0.18/turn              i - ring of flight
MPRegen  0.10/turn              m - ring of stealth

@: about to teleport, berserk cooldown, slowed, very slow
A: no striking features
a: Berserk, Trog's Hand, Renounce Religion, Evoke Flight


You were on level 4 of the Dungeon.
You worshipped Trog.
Trog was pleased with you.
You were hungry.

You visited 1 branch of the dungeon, and saw 4 of its levels.

You collected 163 gold pieces.

Inventory:

Hand Weapons
 a - a +2 falchion (weapon)
 e - a +0 rapier
 f - a +0 club
 g - a +0 spear
 j - a +4 mace
Armour
 b - a +0 animal skin
 h - a +0 chain mail (worn)
 k - a +0 leather armour
Jewellery
 i - a ring of flight (left hand)
 m - a ring of stealth (right hand)
Potions
 d - a potion of brilliance
Comestibles
 c - 2 rations
 l - a chunk of flesh


   Skills:
 + Level 4.2 Fighting
 + Level 5.2 Long Blades
 + Level 3.5 Armour
 * Level 3.4 Dodging


You had 6 spell levels left.
You didn't know any spells.

Dungeon Overview and Level Annotations

Branches:
Dungeon (4/15)
 Temple: D:4-7

Altars:
Cheibriados
Gozag
Qazlal


Message History

The orc warrior is lightly wounded.
You are no longer berserk.
You are exhausted.
You feel yourself slow down. The orc barely misses you.
The orc warrior hits you with a halberd!
You slash the orc!
You kill the orc!
Trog accepts your kill.
The orc priest hits you but does no damage.
The orc warrior hits you with a halberd!!
* * * LOW HITPOINT WARNING * * *
The orc priest looks braver for a moment.
As you read the scroll of teleportation, it crumbles to dust.
You feel strangely unstable.
The orc priest hits you but does no damage.
The orc warrior hits you but does no damage.
The orc priest calls upon Beogh to heal the orc warrior.
The orc warrior's wounds heal themselves!
The orc warrior hits you with a halberd!!
You die...

# ..# #. # ..###.# #
..#..## .# ##.....##
.# #.......### ...
#.........## .... ..
##......#.... .... ..#
##....))..# ....
#..####....@o†..# #..
#..........o.......
#..................
##..#..............#
.##.......#..........#
....................##
....................#
# ##..........##....#
## ###......### #..


You could see an orc warrior and an orc priest.

Vanquished Creatures
  A crimson imp (D:4)
  A jelly (D:4)
  An orc priest (D:4)
  2 hounds (D:4)
  An orc wizard (D:3)
  Terence (D:2)
  4 gnolls (D:4)
  5 adders
  An ooze (D:3)
  2 worms (D:2)
  2 dart slugs
  A leopard gecko (D:3)
  15 orcs
  3 giant cockroaches
  4 goblins
  5 hobgoblins
  8 jackals
  2 quokkas (D:2)
  4 bats
  3 frilled lizards
  A quokka skeleton (D:4)
  10 rats
77 creatures vanquished.

Notes
Turn   | Place    | Note
-------+----------+-------------------------------------------
     0 | D:1      | Cydver the Human Berserker began the quest for the Orb.
     0 | D:1      | Reached XP level 1. HP: 18/18 MP: 1/1
   438 | D:1      | Reached XP level 2. HP: 9/24 MP: 2/2
  1304 | D:1      | Reached XP level 3. HP: 29/29 MP: 3/3
  2378 | D:2      | Noticed Terence
  2382 | D:2      | Killed Terence
  2382 | D:2      | Reached XP level 4. HP: 35/35 MP: 4/4
  2516 | D:2      | Reached ** piety under Trog
  2591 | D:2      | Reached skill level 4 in Long Blades
  2760 | D:2      | Found a stormy altar of Qazlal.
  3311 | D:3      | Found an opulent altar of Gozag.
  3400 | D:3      | Reached XP level 5. HP: 40/42 MP: 5/5
  3486 | D:3      | Found a snail-covered altar of Cheibriados.
  4429 | D:4      | Reached XP level 6. HP: 48/48 MP: 6/6
  5021 | D:4      | Reached skill level 5 in Long Blades
  5084 | D:4      | Noticed an orc warrior
  5089 | D:4      | Reached XP level 7. HP: 54/54 MP: 7/7
  5100 | D:4      | Mangled by an orc warrior

Vault maps used:
D:1:      minmay_arrival_checkered_box
D:2:      nicolae_qazlal_general_emergency, uniq_terence
D:3:      lemuel_round_altar, grunt_gozag_breadcrumbs, first_ration
D:4:      grunt_ministairs_9, hangedman_decor_diamond_cutter

Skill      XL: |  1  2  3  4  5  6 |
---------------+-------------------+-----
Long Blades    | 4 5 |  5.2
Dodging        | 3 |  3.4
Fighting       | 4 |  4.2
Armour         | 3 |  3.5

Action                   |  1- 3 |  4- 6 |  7- 9 || total
-------------------------+-------+-------+-------++-------
Melee: Falchion          |    57 |   238 |     7 ||   302
Invok: Berserk           |     3 |     5 |       ||     8
       Trog's Hand       |       |     2 |       ||     2
  Use: Potion            |     3 |     3 |       ||     6
       Scroll            |     1 |     5 |     1 ||     7
  Eat: Chunk             |     4 |    10 |       ||    14
       Ration            |     1 |     1 |       ||     2
Armor: Animal skin       |     9 |       |       ||     9
       Chain mail        |       |   132 |     4 ||   136
Dodge: Dodged            |    35 |   122 |     5 ||   162
       Rpst.: Falchion   |    11 |    43 |       ||    54

Table legend:
 A = Spawn XP
 B = Non-spawn XP
 C = Spawn XP percentage of total XP
 D = Spawn monster count
 E = Non-spawn monster count
 F = Spawn count percentage of total count
 G = Total turns spent on level
                    A         B        C        D         E        F      G
               +---------+---------+-------+---------+---------+-------+---------
         Total |       0 |     543 |   0.0 |       0 |      77 |   0.0 |  5100
               +---------+---------+-------+---------+---------+-------+---------
           D:1 |       0 |      30 |   0.0 |       0 |      17 |   0.0 |  1349
           D:2 |       0 |      98 |   0.0 |       0 |      22 |   0.0 |  1872
           D:3 |       0 |      93 |   0.0 |       0 |      15 |   0.0 |  1163
           D:4 |       0 |     322 |   0.0 |       0 |      23 |   0.0 |   716
               +---------+---------+-------+---------+---------+-------+---------
